AoeStats
← roberto.bortolin

Arena

510181903Analyzed
4v4 RM · 3d ago on Sep 29, 2026· 71m 10s· 8 players
Game mode
Random Map
Map size
Large (8 player)
Population
200
Speed
Normal
Resources
Standard
Victory
Conquest
Starting age
Dark Age
Ending age
Imperial Age
RankedLock teamsTeams togetherTeam positionsShared explorationLock speedFull tech treeHidden civsTurbo modeCheats
Victory
Defeat
🇬🇧 Khmer · United Kingdom
855
+14
🇮🇹 Romans · Italy
833
+15
🇮🇹 Italians · Italy
816
+16
🇬🇧 Huns · United Kingdom
792
+16
🇧🇷 Bohemians · Brazil
828
-21
🇧🇷 Franks · Brazil
814
-35
🇧🇷 Khmer · Brazil
805
-15
🇧🇷 Teutons · Brazil
780
-14
Mikro
9:48 Loom
12:16 Feudal Age
16:27 Castle Age
15:08 Double-Bit Axe
15:04 Horse Collar
15:17 Gold Mining
15:19 Stone Mining
18:34 Wheelbarrow
18:13 Bow Saw
18:04 Heavy Plow
23:27 Stone Shaft Mining
24:52 Hand Cart
26:18 Caravan
27:42 Masonry
27:43 Fortified Wall
29:13 Fervor
31:47 Imperial Age
29:02 Loom
29:03 Town Watch
30:26 Town Patrol
30:40 Forging
30:31 Scale Mail Armor
30:43 Scale Mail Armor
30:33 Fletching
31:00 Arson
31:15 Squires
31:01 Gambesons
33:01 Crop Rotation
33:33 Two-Man Saw
33:26 Ironclad
33:29 Guilds
34:44 Chemistry
33:50 Siege Engineers
33:35 Pikeman
35:36 Iron Casting
35:16 Chain Mail Armor
34:56 Bodkin Arrow
35:26 Conscription
35:41 Hoardings
36:12 Crenellations
36:49 Bombard Tower
36:52 Ballistics
36:50 Elite Teutonic Knight
37:53 Sanctity
37:34 Devotion
36:58 Heavy Scorpion
39:00 Bombard Tower
39:49 Blast Furnace
39:25 Plate Mail Armor
41:33 Arrowslits
Sardinha
13:44 Feudal Age
16:30 Castle Age
14:32 Horse Collar
14:39 Double-Bit Axe
15:19 Stone Mining
16:50 Wheelbarrow
19:44 Heavy Plow
19:57 Bow Saw
21:56 Stone Shaft Mining
22:21 Gold Mining
28:22 Tusk Swords
31:52 Imperial Age
29:39 Hand Cart
29:11 Loom
29:11 Town Watch
30:11 Gold Shaft Mining
29:43 Tusk Swords
32:47 Caravan
33:25 Forging
33:19 Elite Ballista Elephant
34:22 Conscription
35:07 Chemistry
34:03 Murder Holes
34:29 Ballistics
35:25 Fortified Wall
35:20 Siege Engineers
35:20 Padded Archer Armor
36:18 Double Crossbow
36:16 Light Cavalry
37:08 Bloodlines
37:39 Iron Casting
36:56 Fletching
37:12 Scale Barding Armor
37:07 Hussar
44:54 Blast Furnace
43:49 Bodkin Arrow
44:09 Leather Archer Armor
joaovlogs
12:26 Feudal Age
17:38 Castle Age
17:32 Double-Bit Axe
24:59 Bow Saw
26:31 Wheelbarrow
31:08 Imperial Age
29:22 Hand Cart
31:21 Caravan
31:15 Horse Collar
34:29 Chemistry
33:50 Ballistics
36:34 Conscription
36:19 Wagenburg Tactics
36:52 Heavy Plow
39:16 Two-Man Saw
38:05 Crossbowman
38:05 Elite Skirmisher
39:33 Bombard Tower
39:00 Town Watch
39:01 Loom
39:52 Town Patrol
39:47 Man-at-Arms
39:48 Pikeman
40:28 Squires
40:14 Arson
40:46 Forging
42:50 Arrowslits
42:55 Houfnice
47:17 Masonry
56:27 Long Swordsman
56:52 Arson
58:15 Two-Handed Swordsman
snp
11:10 Feudal Age
14:48 Double-Bit Axe
15:33 Gold Mining
16:01 Scale Barding Armor
15:56 Scale Mail Armor
20:02 Castle Age
20:14 Forging
21:43 Wheelbarrow
25:22 Bow Saw
28:03 Wheelbarrow
27:13 Loom
29:12 Husbandry
28:32 Light Cavalry
29:22 Treadmill Crane
30:04 Ballistics
30:12 Pikeman
30:13 Man-at-Arms
31:29 Chain Barding Armor
31:24 Chain Mail Armor
34:32 Imperial Age
34:16 Hand Cart
34:48 Town Watch
35:53 Iron Casting
36:01 Cavalier
38:54 Chivalry
39:15 Conscription
38:17 Elite Throwing Axeman
39:22 Caravan
41:19 Paladin
46:05 Plate Mail Armor
46:47 Gold Shaft Mining
fred.ferrone
10:14 Feudal Age
9:22 Loom
15:33 Castle Age
13:41 Double-Bit Axe
15:32 Stone Mining
19:07 Wheelbarrow
20:10 Horse Collar
22:33 Husbandry
23:17 Bow Saw
23:27 Gold Mining
23:41 Marauders
24:23 Heavy Plow
25:45 Bloodlines
26:49 Hand Cart
27:13 Scale Barding Armor
27:58 Forging
29:13 Chain Barding Armor
30:12 Iron Casting
31:32 Gold Shaft Mining
31:02 Caravan
34:46 Imperial Age
32:31 Masonry
32:18 Murder Holes
35:13 Elite Tarkan
36:16 Atheism
37:26 Blast Furnace
37:40 Plate Barding Armor
39:04 Two-Man Saw
39:22 Thumb Ring
40:02 Parthian Tactics
40:14 Sappers
41:00 Fletching
41:36 Ballistics
42:32 Conscription
42:00 Town Watch
42:18 Squires
41:38 Pikeman
42:24 Scale Mail Armor
71:09 Spies/Treason
BetrayedSnail57
9:26 Loom
11:12 Feudal Age
12:15 Double-Bit Axe
13:08 Wheelbarrow
17:16 Castle Age
15:21 Horse Collar
16:14 Stone Mining
18:17 Bow Saw
18:23 Gold Mining
19:50 Heavy Plow
25:57 Bloodlines
27:38 Gold Shaft Mining
31:10 Imperial Age
29:44 Husbandry
31:33 Hand Cart
31:16 Elite Battle Elephant
32:20 Scale Barding Armor
32:28 Forging
33:00 Caravan
33:45 Iron Casting
33:46 Chain Barding Armor
33:59 Crop Rotation
34:10 Tusk Swords
34:52 Ballistics
35:40 Blast Furnace
34:51 Fletching
35:42 Plate Barding Armor
35:10 Padded Archer Armor
34:33 Heavy Scorpion
36:46 Double Crossbow
37:49 Chemistry
36:29 Capped Ram
37:44 Siege Ram
39:40 Bodkin Arrow
42:06 Siege Engineers
50:04 Elite Ballista Elephant
50:47 Bracer
51:06 Leather Archer Armor
60:33 Ring Archer Armor
69:16 Spies/Treason
roberto.bortolin
0:29 Loom
12:09 Feudal Age
18:56 Castle Age
16:55 Horse Collar
17:33 Double-Bit Axe
18:56 Stone Mining
18:57 Gold Mining
19:49 Wheelbarrow
21:24 Hand Cart
30:18 Imperial Age
28:05 Heavy Plow
28:23 Bow Saw
29:12 Stone Shaft Mining
29:08 Town Watch
29:41 Padded Archer Armor
29:32 Fletching
31:04 Leather Archer Armor
30:50 Bodkin Arrow
31:41 Fortified Wall
31:12 Treadmill Crane
31:54 Ballistics
31:47 Masonry
31:34 Murder Holes
32:05 Town Patrol
32:58 Ring Archer Armor
32:59 Conscription
33:19 Hoardings
33:21 Crop Rotation
35:11 Two-Man Saw
36:47 Bracer
37:54 Chemistry
37:26 Architecture
39:42 Thumb Ring
40:50 Silk Road
40:53 Arrowslits
41:30 Bombard Tower
42:23 Caravan
46:55 Elite Genoese Crossbowman
48:29 Pirotechnia
70:34 Spies/Treason
BrunoMontalcino
10:05 Feudal Age
14:30 Castle Age
12:49 Double-Bit Axe
12:54 Horse Collar
18:14 Bow Saw
20:50 Loom
23:36 Wheelbarrow
23:55 Heavy Plow
23:55 Gold Mining
23:55 Stone Mining
24:58 Fletching
27:25 Fervor
29:54 Imperial Age
28:32 Hand Cart
28:09 Town Watch
28:23 Bodkin Arrow
28:29 Scale Mail Armor
28:40 Forging
28:55 Ballistics
28:46 Masonry
28:31 Murder Holes
28:16 Pikeman
30:50 Town Patrol
30:30 Heavy Scorpion
32:13 Chemistry
33:03 Chain Mail Armor
33:24 Iron Casting
33:10 Ballistas
34:38 Crop Rotation
35:12 Architecture
36:37 Blast Furnace
35:01 Man-at-Arms
35:42 Squires
36:19 Fortified Wall
36:12 Loom
35:56 Long Swordsman
36:04 Capped Ram
36:57 Siege Engineers
37:25 Legionary
37:31 Halberdier
39:41 Comitatenses
40:21 Siege Ram
71:11 Spies/Treason
Connection lost

Rejoining the realm…

Still unreachable

The connection could not be restored.

Session expired

The server has moved on; the page needs a fresh start.